AoeStats
← Vega

Arabia

507387179Analyzed
4v4 RM · 13d ago on Sep 18, 2026· 25m 9s· 8 players
Game mode
Random Map
Map size
Large (8 player)
Population
200
Speed
Normal
Resources
Standard
Victory
Conquest
Starting age
Dark Age
Ending age
Imperial Age
RankedLock teamsTeams togetherTeam positionsShared explorationLock speedFull tech treeHidden civsTurbo modeCheats
Victory
Defeat
🇨🇳 Khitans · China
866
+6
🇺🇸 Khmer · United States
856
+6
🇦🇷 Maya · Argentina
850
+6
🇧🇭 Armenians · Bahrain
843
+6
🇩🇪 Sicilians · Germany
666
-7
🇸🇬 Huns · Singapore
666
-8
🇦🇷 Byzantines · Argentina
661
-7
🇺🇸 Celts · United States
384
-2
Ben FineGold
0:34 Loom
23:31 Feudal Age
Soldaris
2:30 Loom
16:29 Feudal Age
metro86
Vega
12:08 Feudal Age
11:50 Loom
12:45 Horse Collar
戏皇。
10:45 Feudal Age
21:50 Castle Age
20:24 Double-Bit Axe
20:22 Domestication
marwenskio
11:03 Feudal Age
16:44 Bloodlines
24:32 Castle Age
Chrisalqallaf
18:03 Feudal Age
19:03 Man-at-Arms
19:40 Arson
20:16 Long Swordsman
27:31 Castle Age
CHAMACO
4:16 Loom
11:02 Feudal Age
12:49 Horse Collar
15:22 Double-Bit Axe
20:11 Forging
20:01 Scale Mail Armor
26:54 Castle Age
Connection lost

Rejoining the realm…

Still unreachable

The connection could not be restored.

Session expired

The server has moved on; the page needs a fresh start.